 Dungeon Crawl Stone Soup version 0.17.0-28-g6e173f8 (console) character file.

54 Kloppie the Firebug (level 3, -10/26 HPs)
             Began as a Draconian Fire Elementalist on Dec 3, 2015.
             Engulfed by a cloud of flame (16 damage)
             ... on level 2 of the Dungeon.
             The game lasted 00:03:34 (1385 turns).

Kloppie the Firebug (Draconian Fire Elementalist)   Turns: 1385, Time: 00:03:34

Health: -10/26     AC:  5    Str: 10    XL:     3   Next: 66%
Magic:  0/7        EV: 12    Int: 16    God:
Gold:   128        SH:  0    Dex: 11    Spells: 3 memorised, 0 levels left

rFire  . . .     SeeInvis .     d - +0 spear
rCold  . . .     Clarity  .     (armour unavailable)
rNeg   . . .     SustAt   .     (no shield)
rPois  .         Gourm    .     (helmet restricted)
rElec  .         Spirit   .     (no cloak)
rCorr  .         Warding  .     (no gloves)
rMut   .         Stasis   .     (no boots)
MR     .....                    (no amulet)
Stlth  ++........               (no ring)
                                (no ring)

@: not resistant to hostile enchantments, unstealthy
A: unfitting armour, cold-blooded, AC +5
a: no special abilities


You were on level 2 of the Dungeon.
You were not hungry.

You visited 1 branch of the dungeon, and saw 2 of its levels.

You collected 128 gold pieces.

Inventory:

Hand Weapons
 d - a +0 spear (weapon)
Scrolls
 c - a scroll of teleportation {unknown}
 e - a scroll of identify {unknown}
Potions
 h - a potion of curing {unknown}
 i - 3 potions of flight {unknown}
 j - a potion of ambrosia {unknown}
Books
 a - a book of Flames

   Spells                             Type                      Level
   a - Flame Tongue                   Conjuration/Fire             1
   b - Throw Flame                    Conjuration/Fire             2
   c - Conjure Flame                  Conjuration/Fire             3
   d - Inner Flame                    Hexes/Fire                   3
   e - Sticky Flame                   Conjuration/Fire             4
   f - Fireball                       Conjuration/Fire             5
Comestibles
 b - 2 bread rations
 f - 2 meat rations
 g - 2 fruits
 k - 4 chunks of flesh


   Skills:
 - Level 1.7 Dodging
 - Level 1.7 Stealth
 + Level 2.9 Spellcasting
 + Level 2.2 Conjurations
 + Level 3.3 Fire Magic


You couldn't memorise any spells.
You knew the following spells:

 Your Spells              Type           Power        Failure   Level  Hunger
a - Flame Tongue          Conj/Fire      ##...        8%          1    #......
b - Conjure Flame         Conj/Fire      ##......     17%         3    ###....
c - Inner Flame           Hex/Fire       #.......     34%         3    ###....


Dungeon Overview and Level Annotations

Branches:
Dungeon (2/15)

Altars:
Nemelex Xobeh

Annotations:
D:2 Sigmund


Innate Abilities, Weirdness & Mutations

Your plain brown scales are hard (AC +5).
Your body does not fit into most forms of armour.
You are cold-blooded and may be slowed by cold attacks.


Message History

Casting: Flame Tongue
Confirm with . or Enter, or press ? or * to list all spells.
Aiming: Flame Tongue
Press: ? - help, Shift-Dir - straight line, f/p - jackal
Aim: a jackal (inner flame)
The flame tongue hits the jackal.
The jackal is severely wounded.
The jackal bites you.
You closely miss the jackal.
The jackal is severely wounded.
The jackal misses you.
The jackal bites you but does no damage.
You hit the jackal.
The jackal explodes!
The fiery explosion engulfs you!
Ouch! That really hurt!
* * * LOW HITPOINT WARNING * * *
You are engulfed in roaring flames.
Ouch! That really hurt!
You die...

#.......# #.......#######
#.......'..!h.$ #.......#
#.......# #.......#
######†## #§# #@# #.# #.#
#.# #.#
####)################
#...>................
#####.###################
#.....#######


There were no monsters in sight!

Vanquished Creatures
  An adder (D:2)
  A worm (D:2)
  2 giant geckos
  A ball python (D:2)
  7 bats
  A giant cockroach (D:2)
  6 goblins
  6 hobgoblins (D:1)
  5 giant newts (D:1)
  4 jackals (D:2)
  3 kobolds
  3 rats
40 creatures vanquished.

Notes
Turn   | Place    | Note
--------------------------------------------------------------
     0 | D:1      | Kloppie the Draconian Fire Elementalist began the quest for the Orb.
     0 | D:1      | Reached XP level 1. HP: 14/14 MP: 3/3
   306 | D:1      | Reached XP level 2. HP: 18/20 MP: 0/5
   886 | D:1      | Found a sparkling altar of Nemelex Xobeh.
   998 | D:1      | You fall through a shaft!
  1014 | D:2      | Reached XP level 3. HP: 26/26 MP: 1/7
  1096 | D:2      | Noticed Sigmund
  1166 | D:2      | Learned a level 3 spell: Conjure Flame
  1170 | D:2      | Learned a level 3 spell: Inner Flame
  1385 | D:2      | Engulfed by a cloud of flame

Action                   || total
-------------------------++-------
Melee: Unarmed           ||     5
       Spear             ||    48
 Cast: Flame Tongue      ||    51
       Inner Flame       ||     1
 Stab: Sleeping          ||     1
  Eat: Chunk             ||     2
